 Dungeon Crawl Stone Soup version 0.31-a0-1388-g4b2ba238e7 (webtiles) character file.

Game seed: 13770743359055138345

240 MisterAzrael the Sneak (level 5, -1/28 HPs)
             Began as a Deep Elf Enchanter on Dec 24, 2023.
             Slain by an iguana (14 damage)
             ... on level 4 of the Dungeon.
             The game lasted 00:06:09 (2618 turns).

MisterAzrael the Sneak (Deep Elf Enchanter)         Turns: 2618, Time: 00:06:09

Health: -1/28      AC:  2    Str:  5    XL:     5   Next: 80%
Magic:  12/13      EV: 13    Int: 22    God:
Gold:   224        SH:  0    Dex: 15    Spells: 4/12 levels left

rFire   x . .        o - +2 dagger (venom)
rCold   + . .        (no shield)
rNeg    . . .        b - +0 robe
rPois   .            (no helmet)
rElec   .            f - scarf {harm}
rCorr   .            (no gloves)
SInv    .            (no boots)
Will    .....        (no amulet)
Stlth   +++          g - ring of ice
HPRegen 0.24/turn    i - ring of wizardry
MPRegen 0.13/turn

%: harm (+30% outgoing, +20% incoming), wizardry (x1)
@: no status effects
A: no striking features
a: no special abilities


You were on level 4 of the Dungeon.
You visited 1 branch of the dungeon, and saw 4 of its levels.

You collected 224 gold pieces.

Inventory:

Hand Weapons
 a - a +1 dagger
 h - a +0 vampiric dagger
 o - a +2 dagger of venom (weapon)
 q - a +0 rapier
Armour
 b - a +0 robe (worn)
 f - a scarf of harm (worn)
Jewellery
 g - a ring of ice (left hand)
 i - a ring of wizardry (right hand)
 m - a +6 ring of strength
Scrolls
 d - 6 scrolls of identify {unknown}
 e - a scroll of poison {unknown}
 l - a scroll of enchant armour {unknown}
 n - a scroll of teleportation {unknown}
 s - a scroll of blinking {unknown}
 t - a scroll of noise {unknown}
 u - 2 scrolls of immolation {unknown}
Potions
 c - 2 potions of invisibility
 j - a potion of curing
 k - a potion of haste {unknown}
 p - 3 potions of heal wounds {unknown}
 r - a potion of enlightenment {unknown}


   Skills:
 + Level 2.5 Short Blades
 - Level 2.7 Dodging
 * Level 5.9 Stealth
 + Level 4.4 Spellcasting
 + Level 5.2 Hexes


You had 4 spell levels left.
You knew the following spells:

 Your Spells              Type           Power      Damage    Failure   Level
a - Ensorcelled Hibernat  Hex/Ice        48%        N/A       2%          2
b - Confusing Touch       Hex            28%        N/A       1%          3
c - Tukima's Dance        Hex            28%        N/A       1%          3

Your spell library contained the following spells:

 Spells                   Type           Power      Damage    Failure   Level
 Dazzling Flash           Conj/Hex       32%        N/A       4%          3


Dungeon Overview and Level Annotations

Branches:
Dungeon (4/15)
 Temple: D:4-7

Altars:
Kikubaaqudgha

Shops:
D:2 [   D:3 =


Message History

You hit the hound.
The hound looks as sick as possible!
The hound is severely wounded.
The hound closely misses you.
You completely miss the hound.
The hound is almost dead.
The hound closely misses you.
The orc wizard casts a spell.
The orc wizard flickers and vanishes!
The hound barely misses you.
You completely miss the hound.
The hound is almost dead.
The hound bites you.
You hit the hound.
You kill the hound!
You miss something.
Casting: Confusing Touch (safe; 1% risk of failure)
Confirm with . or Enter, or press ? or * to list all spells.
Your hands begin to glow red.
Something hits you but does no damage.
You hit something but do no damage. Something hits you.
You hit something but do no damage. Something hits you but does no damage.
You miss something. Your punch misses something. Something hits you.
You hit something but do no damage. Something hits you but does no damage.
You closely miss something. You closely miss something. Something hits you.
You hit something. You hit something. You closely miss something.
Something barely misses you.
You closely miss something.
Reactivating autopickup.
You feel a bit more experienced.
An iguana comes into view.
A hobgoblin comes into view.
The hobgoblin shouts!
The iguana hisses angrily.
A dart slug comes into view.
The iguana barely misses you.
You see here 7 stones.
Found 16 gold pieces.
The hobgoblin hits you but does no damage.
The iguana attacks as it pursues you! The iguana bites you!
Ouch! That really hurt!
You die...

#..$.... #......
#...... #.....#
#.....# #.....#
#.....# #..(@g#
#.#...l(#
...w.....###########
...#.....O.#........
.. ##+##.#.#........
. ...#..........
#######.######
#)####### #).<....#


You could see an ogre, an iguana, a dart slug and a hobgoblin.

Vanquished Creatures
  A bombardier beetle (D:3)
  A hound (D:4)
  Jessica (D:2)
  An orc wizard (D:4)
  4 adders
  3 worms
  A dart slug (D:2)
  5 orcs
  8 ball pythons
  7 bats
  7 endoplasms
  5 giant cockroaches
  7 goblins
  7 hobgoblins
  6 jackals
  3 quokkas
  A frilled lizard (D:3)
  8 kobolds
  A rat (D:2)
77 creatures vanquished.

Notes
Turn   | Place    | Note
-------+----------+-------------------------------------------
     0 | D:1      | MisterAzrael the Deep Elf Enchanter began the quest for the
                  | Orb.
     0 | D:1      | Reached XP level 1. HP: 10/10 MP: 6/6
   346 | D:1      | Reached XP level 2. HP: 15/15 MP: 8/8
   826 | D:1      | Found a faded altar of an unknown god.
   886 | D:2      | Noticed Jessica
   889 | D:2      | Killed Jessica
   890 | D:2      | Reached XP level 3. HP: 19/19 MP: 10/10
   993 | D:2      | Reached XP level 4. HP: 8/24 MP: 11/11
  1233 | D:2      | Found Ujoonemu's Armour Boutique.
  1546 | D:2      | Learned a level 2 spell: Ensorcelled Hibernation
  1550 | D:2      | Learned a level 3 spell: Confusing Touch
  1554 | D:2      | Learned a level 3 spell: Tukima's Dance
  1968 | D:3      | Reached skill level 5 in Stealth
  2045 | D:3      | Found an ancient bone altar of Kikubaaqudgha.
  2056 | D:3      | Found Gupleh's Jewellery Emporium.
  2222 | D:3      | Reached XP level 5. HP: 28/28 MP: 13/13
  2239 | D:3      | Reached skill level 5 in Hexes
  2581 | D:4      | Noticed an ogre
  2618 | D:4      | Slain by an iguana

Illustrated notes

Levels and vault maps discovered:
D:1:      heliophobic_arrival_battle_scene, layout_loops_corners,
          dreamdust_ecumenical_altar_hidden_monk_grotto, hex_medium
D:2:      layout_loops_cross, serial_shops, shop,
          hangedman_abyss_or_decor_stabs, st_stairs_14, uniq_jessica
D:3:      layout_rooms, mainiacjoe_overflow_paths, serial_shops, shop,
          minmay_joined_circles
D:4:      layout_basic, nicolae_wormholes, uniq_ijyb

Skill      XL: |  1  2  3  4  5 |
---------------+----------------+-----
Stealth        | 4 5 |  5.9
Short Blades   | 2 |  2.5
Spellcasting   | 4 |  4.4
Hexes          | 5 |  5.2
Dodging        | |  2.7

Action                     |  1- 3 |  4- 6 || total
---------------------------+-------+-------++-------
  Melee: Dagger            |   108 |   175 ||   283
         Punch             |       |     1 ||     1
   Cast: Confusing Touch   |       |     2 ||     2
    Use: Potion            |       |     2 ||     2
   Stab: Sleeping          |    10 |    10 ||    20
         Distracted        |       |     1 ||     1
 Armour: Robe              |    38 |    79 ||   117
  Dodge: Dodged            |    50 |   109 ||   159

Table legend: (Time is in decaauts)
 A = Elapsed time spent in this place.
 B = Non-inter-level travel time spent in this place.
 C = Inter-level travel time spent in this place.
 D = Time resting spent in this place.
 E = Time spent auto-exploring this place.
 F = Levels seen in this place.
 G = Mean time per level.
                   A        B        C        D        E       F      G
               +--------+--------+--------+--------+--------+-----+--------+
         Total |   2588 |   2499 |     89 |    145 |   1699 |   4 |  647.0 |
       Dungeon |   2588 |   2499 |     89 |    145 |   1699 |   4 |  647.0 |
               +--------+--------+--------+--------+--------+-----+--------+

Top non-repeatable levels by time:
     D:1: 1046 daAuts
     D:3: 823 daAuts
     D:2: 677 daAuts
     D:4: 42 daAuts
